 Dungeon Crawl Stone Soup version 0.27-a0-1101-ge311f74 (webtiles) character file.

Game seed: 7694937662517681865

184 Nithhogg the Chopper (level 5, 0/45 HPs)
             Began as a Hill Orc Fighter on Apr 28, 2021.
             Slain by Grinder (8 damage)
             ... on level 4 of the Dungeon.
             The game lasted 00:05:51 (3634 turns).

Nithhogg the Chopper (Hill Orc Fighter)             Turns: 3634, Time: 00:05:52

Health: 0/45       AC: 10    Str: 19 (20) XL:     5   Next: 64%
Magic:  5/5        EV:  7    Int:  6 (8)  God:
Gold:   1225       SH:  9    Dex:  9 (10) Spells: 4/4 levels left

rFire    . . .     SeeInvis .   a - +0 war axe
rCold    . . .     Faith    .   c - +0 kite shield
rNeg     . . .     Spirit   .   b - +0 scale mail
rPois    .         Reflect  .   (no helmet)
rElec    .         Harm     .   (no cloak)
rCorr    .         Rampage  .   (no gloves)
Will     .....                  p - +2 pair of boots
Stlth    ..........             (no amulet)
HPRegen  0.15/turn              (no ring)
MPRegen  0.09/turn              (no ring)

@: mighty, about to teleport, attractive, very slightly contaminated, invisible
A: no striking features
a: no special abilities


You were on level 4 of the Dungeon.
You visited 1 branch of the dungeon, and saw 4 of its levels.

You collected 1225 gold pieces.

Inventory:

Hand Weapons
 a - a +0 war axe (weapon)
Armour
 b - a +0 scale mail (worn)
 c - a +0 kite shield (worn)
 p - a +2 pair of boots (worn)
Jewellery
 k - a ring of positive energy
 r - a ring of magical power
Scrolls
 h - a scroll of noise
 i - a scroll of magic mapping
 m - a scroll of identify
Potions
 e - a potion of lignification {unknown}
 f - a potion of attraction
 g - a potion of magic {unknown}
 j - a potion of degeneration
 l - a potion of cancellation {unknown}
 n - a potion of invisibility
 o - a potion of resistance {unknown}
 s - a potion of curing {unknown}
 u - a potion of mutation {unknown}


   Skills:
 - Level 3.6 Fighting
 + Level 7.5 Axes
 - Level 3.2 Armour
 - Level 3.2 Shields


You had 4 spell levels left.
You didn't know any spells.
Your spell library was empty.

Dungeon Overview and Level Annotations

Branches:
Dungeon (4/15)
 Temple: D:4-7

Altars:

Shops:
D:1 *   D:2 *

Annotations:
D:4 Grinder


Message History

Grinder hits you but does no damage.
Your shield and scale mail prevent you from hitting Grinder.
Grinder gestures at you.
You suddenly lose the ability to move!
Grinder says, "Make like a tree!"
Grinder hits you!
You writhe in agony.
Grinder gestures at you.
You shrug off the repeated paralysis!
Grinder hits you.
You can move again.
Unknown command.
Unknown command.
Unknown command.
Unknown command.
Unknown command.
Unknown command.
Unknown command.
Unknown command.
Unknown command.
Unknown command.
Unknown command.
You barely miss Grinder. Grinder hits you.
You closely miss Grinder. Grinder hits you but does no damage.
Grinder hits you.
You writhe in agony.
It was a potion of attraction.
You feel attractive to monsters. Grinder hits you.
You writhe in agony.
* * * LOW HITPOINT WARNING * * *
It was a potion of degeneration.
There was something very wrong with that liquid.
You feel weakened.
You feel dopey.
You feel clumsy. Grinder gestures at you. You resist with significant effort.
It was a potion of invisibility.
You fade into invisibility!
You block Grinder's attack.
You are very lightly contaminated with residual magic.
As you read the scroll of teleportation, it crumbles to dust.
You feel strangely unstable. Grinder hits you!
You die...

#.....##.#
#.....##.#
#...(....#
#....###.#
########.##
#......#
#......#
#(..$..#
#####@##
#5# #o# #(#
#(# ..# ...
.(#


You could see Grinder and an orc.

Vanquished Creatures
  The ghost of roko the Cudgeller, a weakling GrMo (D:3)
  A hound skeleton (D:4)
  4 adders
  2 gnolls (D:1)
  An ufetubus (D:3)
  2 dart slugs (D:1)
  An orc (D:3)
  5 bats
  8 endoplasms
  5 giant cockroaches
  3 goblins
  5 hobgoblins
  9 jackals
  A quokka (D:2)
  3 ball pythons
  2 frilled lizards
  8 kobolds
  7 rats
68 creatures vanquished.

Notes
Turn   | Place    | Note
-------+----------+-------------------------------------------
     0 | D:1      | Nithhogg the Hill Orc Fighter began the quest for the Orb.
     0 | D:1      | Reached XP level 1. HP: 19/19 MP: 1/1
    12 | D:1      | Found Xiekhluyj's General Store.
    29 | D:1      | Reached skill level 3 in Axes
    29 | D:1      | Reached XP level 2. HP: 15/26 MP: 2/2
   232 | D:1      | Reached skill level 4 in Axes
   617 | D:1      | Reached XP level 3. HP: 31/31 MP: 3/3
  1119 | D:1      | Reached skill level 5 in Axes
  1403 | D:2      | Reached XP level 4. HP: 32/39 MP: 4/4
  1628 | D:2      | Reached skill level 6 in Axes
  1735 | D:2      | Found Fesyes's Assorted Antiques.
  2337 | D:3      | Found a faded altar of an unknown god.
  2483 | D:3      | Found a runed translucent door.
  2576 | D:3      | Noticed roko's ghost (weakling GrMo)
  2662 | D:3      | Identified a scroll of acquirement
  2662 | D:3      | Acquired 1065 gold pieces
  2736 | D:3      | Reached XP level 5. HP: 44/45 MP: 5/5
  3367 | D:3      | Killed roko's ghost
  3368 | D:3      | Reached skill level 7 in Axes
  3614 | D:4      | Noticed Grinder
  3625 | D:4      | Paralysed by Grinder for 4 turns
  3634 | D:4      | Slain by Grinder

Illustrated notes

Levels and vault maps discovered:
D:1:      giann_forest_graveyard, layout_loops_ring, serial_shops, shop,
          serial_rivers, chequers_serial_rivers_marsh,
          chequers_serial_rivers_marsh, chequers_serial_rivers_room_a,
          chequers_serial_rivers_small_3, chequers_serial_rivers_micro_b,
          chequers_serial_rivers_marsh, moated_statue, hangedman_decor_points
D:2:      layout_loops_cross, serial_shops, shop
D:3:      minmay_door_path, layout_basic, basic_ecumenical_altar,
          ebering_ghost_sewer_d
D:4:      layout_basic, trog_three_pillars_becter, minitemple, serial_shops,
          nicolae_shop_trees, uniq_grinder

Skill      XL: |  1  2  3  4  5 |
---------------+----------------+-----
Axes           | 3 4 5 6 7 |  7.5
Fighting       | |  3.6
Armour         | |  3.2
Shields        | |  3.2

Action                   |  1- 3 |  4- 6 || total
-------------------------+-------+-------++-------
Melee: War axe           |   100 |   126 ||   226
Throw: Dart              |       |     5 ||     5
  Use: Scroll            |     1 |     6 ||     7
       Potion            |       |     4 ||     4
Armor: Scale mail        |    52 |    61 ||   113
Dodge: Dodged            |    32 |    40 ||    72
Block: Kite shield       |    69 |    51 ||   120

Table legend: (Time is in decaauts)
 A = Elapsed time spent in this place.
 B = Non-inter-level travel time spent in this place.
 C = Inter-level travel time spent in this place.
 D = Time resting spent in this place.
 E = Time spent auto-exploring this place.
 F = Levels seen in this place.
 G = Mean time per level.
                   A        B        C        D        E       F      G
               +--------+--------+--------+--------+--------+-----+--------+
         Total |   3755 |   3644 |    111 |      0 |   2969 |   4 |  938.8 |
       Dungeon |   3755 |   3644 |    111 |      0 |   2969 |   4 |  938.8 |
               +--------+--------+--------+--------+--------+-----+--------+

Top non-repeatable levels by time:
     D:3: 1388 daAuts
     D:1: 1349 daAuts
     D:2: 834 daAuts
     D:4: 183 daAuts
